 Dungeon Crawl Stone Soup version 0.27.1-1-g398f81649c (webtiles) character file.

Game seed: 3301633549297432504

108101 DoubleLucky the Brawler (level 16, -8/174 HPs)
             Began as a Troll Berserker on Sept 7, 2021.
             Was a High Priest of Trog.
             Mangled by an entropy weaver (10 damage)
             ... on level 1 of the Spider Nest on Sept 8, 2021.
             The game lasted 02:58:49 (27260 turns).

DoubleLucky the Brawler (Troll Berserker)          Turns: 27260, Time: 02:58:50

Health: -8/174     AC: 11    Str: 33 (34) XL:     16   Next: 1%
Magic:  0/15       EV:  5    Int:  0 (4)  God:    Trog [*****.]
Gold:   2451       SH:  0    Dex:  5 (9)  Spells: 15/15 levels left

rFire    . . .     SeeInvis .     - Unarmed
rCold    + + .     Faith    .   (no shield)
rNeg     . . .     Spirit   +   S - +3 troll leather armour {Snorg}
rPois    +         Reflect  .   (helmet restricted)
rElec    .         Harm     .   x - +0 cloak
rCorr    .         Rampage  .   (gloves unavailable)
Will     +....                  (boots unavailable)
Stlth    +.........             r - amulet of guardian spirit
HPRegen  2.39/turn              j - ring of protection from fire
MPRegen  0.14/turn              H - ring of Tehenod {Ice rPois Int+3}

@: lethally poisoned (-8 -> -50), held, slowed, lost intelligence, very slow
A: large, unfitting armour, claws 3, regeneration 1, shaggy fur 1, tough skin 1,
horns 1, cold resistance 1, dopey 1
a: Renounce Religion, Berserk, Trog's Hand, Brothers in Arms


You were on level 1 of the Spider Nest.
You worshipped Trog.
Trog was extremely pleased with you.
You visited 5 branches of the dungeon, and saw 25 of its levels.
You also visited: Sewer and Gauntlet.

You collected 2818 gold pieces.
You spent 367 gold pieces at shops.

Inventory:

Hand Weapons
 a - a +0 giant spiked club of chaos
Missiles
 p - 37 poisoned darts
 t - 27 javelins (quivered)
 w - 39 large rocks
 D - 9 curare-tipped darts
 K - 8 silver javelins
 N - 2 throwing nets
Armour
 x - a +0 cloak (worn)
 y - +2 steam dragon scales
 P - a +0 troll leather armour
 R - +0 acid dragon scales
 S - a +3 troll leather armour (worn) {Snorg}
 U - a +0 tower shield
Jewellery
 i - a +6 ring of intelligence
 j - a ring of protection from fire (left claw)
 r - an amulet of guardian spirit (around neck)
 B - a ring of ice
 H - the ring of Tehenod (right claw) {Ice rPois Int+3}
   (You found it in a Gauntlet)

   [ring of ice]

   It enhances your ice magic.
   Int:       It affects your intelligence (+3).
   rF:        It makes you vulnerable to fire.
   rC:        It protects you from cold.
   rPois:     It protects you from poison.
 L - a ring of protection from fire
 Q - a ring of ice
Wands
 v - a wand of digging (18)
 E - a wand of acid (18)
 F - a wand of paralysis (20)
 G - a wand of flame (99)
Scrolls
 b - 8 scrolls of teleportation
 c - 3 scrolls of enchant weapon
 d - 4 scrolls of brand weapon
 h - 4 scrolls of magic mapping
 q - 2 scrolls of fear
 z - 4 scrolls of fog
 C - 4 scrolls of blinking
 I - a scroll of holy word
 M - 3 scrolls of enchant armour
Potions
 e - 7 potions of flight
 f - 2 potions of resistance
 g - 2 potions of heal wounds
 k - a potion of invisibility
 l - 13 potions of curing
 m - 2 potions of haste
 o - 2 potions of might
 s - 4 potions of berserk rage
 u - 3 potions of magic
 T - a potion of cancellation
 V - a potion of lignification {unknown}


   Skills:
 - Level 14.7 Fighting
 - Level 7.1 Throwing
 - Level 6.3 Armour
 - Level 5.0 Dodging
 + Level 9.4 Shields
 - Level 17.9 Unarmed Combat


You had 15 spell levels left.
You didn't know any spells.
Your spell library was empty.

Dungeon Overview and Level Annotations

Branches:
Dungeon (15/15)            Temple (0/1) D:4            Lair (6/6) D:8
 Shoals (0/4) Lair:3       Spider (1/4) Lair:4        Slime (0/5) Lair:5
    Orc (2/2) D:12            Elf (0/3) Orc:2        Vaults (0/5) D:13
 Depths (0/5) D:15           Hell (visited)           Sewer (visited)
Gauntlet (visited)
    Dis: Hell:1         Geh: Hell:1         Coc: Hell:1         Tar: Hell:1

Altars:
Cheibriados
Dithmenos
Elyvilon
Fedhas
Gozag
Hepliaklqana
Kikubaaqudgha
Makhleb
Nemelex Xobeh
Ru
Sif Muna
Trog
Uskayaw
Wu Jian
Yredelemnul
Beogh

Shops:
D:3 ?   D:6 *   D:15 ?   Orc:1 [   Orc:2 (=*[::

Portals:
Hell: Lair:6

Annotations:
Lair:3 exclusion: downstairs
Hell Geryon


Innate Abilities, Weirdness & Mutations

You are too large for most types of armour.
You have claws for hands.
Your natural rate of healing is unusually fast.
You are covered in fur. (AC +1)
You have tough skin. (AC +1)
You have a pair of small horns on your head.
Your flesh is cold resistant. (rC+)
You are dopey. (Int -2)


Message History

The jumping spider leaps!
The entropy weaver hits you.
* * * LOW HITPOINT WARNING * * *
The entropy weaver hits you.
* * * LOW HITPOINT WARNING * * *
The entropy weaver hits you!
* * * LOW HITPOINT WARNING * * *
The entropy weaver hits you!
* * * LOW HITPOINT WARNING * * *
You feel much better.
You feel you are being watched by something.
You feel your power leaking away. Something hits you.
* * * LOW HITPOINT WARNING * * *
Something hits you.
* * * LOW HITPOINT WARNING * * *
You feel weakened.
Something stings you but does no damage.
The entropy weaver barely misses you. x2
The entropy weaver hits you but does no damage.
The entropy weaver hits you.
* * * LOW HITPOINT WARNING * * *
The orb spider pulsates with a strange energy.
Something hits you!
* * * LOW HITPOINT WARNING * * *
Something hits you but does no damage.
Something stings you but does no damage.
The entropy weaver hits you.
* * * LOW HITPOINT WARNING * * *
The entropy weaver hits you but does no damage.
The entropy weaver hits you.
* * * LOW HITPOINT WARNING * * *
The entropy weaver hits you.
* * * LOW HITPOINT WARNING * * *
You almost manage to decipher the scroll, but fail in this attempt.
Something hits you but does no damage. Something completely misses you.
Something stings you.
* * * LOW HITPOINT WARNING * * *
You are lethally poisoned!
Something poisons you! The entropy weaver hits you!
You die...

(##.^.....
.########.........
..................
...........s......
....s...!.........
..................
.......B..........
....^..@<.$.......
......{...........
..................
..................
..................
^.............^...
.##...............
##........#.....


You could see an entropy weaver and 2 orb spiders.

Vanquished Creatures
  Agnes (D:14)
  Roxanne (D:14)
  The ghost of barkas the Spear-Bearer, a journeyman CeMo of Okawaru (Orc:1)
  An orc warlord (Orc:1)
  Louise (D:14)
  Nessos (D:14)
  A stone giant (Orc:1)
  A dire elephant (D:15)
  A lorocyproca (Lair:6)
  A minotaur (Gauntlet)
  2 ettins
  Josephine (D:11)
  The ghost of DoubleLucky the Warrior, a journeyman MiBe of Trog (D:10)
  8 slime creatures
  Harold (D:10)
  A yaktaur captain (D:15)
  9 hydras
  A boulder beetle (Lair:6)
  Erica (D:8)
  The ghost of Skiberibeda the Grappler, a novice TrHu (D:9)
  A catoblepas (Gauntlet)
  4 centaur warriors
  6 two-headed ogres
  2 orc high priests
  7 death yaks
  Urug (D:12)
  3 skeletal warriors (D:12)
  Pikel (D:4)
  5 wizards
  2 oklob plants
  13 ugly things
  3 deep elf pyromancers
  4 orc knights (Orc:2)
  5 cyclopes
  2 wolf spiders
  4 orc sorcerers
  2 manticores
  Maurice (D:9)
  6 elephants
  2 black mambas
  A smoke demon (Lair:6)
  14 cane toads
  A gargoyle (Gauntlet)
  2 orange demons (Lair:6)
  A torpor snail (Lair:6)
  4 rime drakes
  A yaktaur (D:14)
  An efreet (D:15)
  8 komodo dragons
  2 ice devils (Lair:6)
  A red devil (Lair:6)
  6 trolls
  3 polar bears
  Grinder (D:4)
  A snapping turtle (Lair:3)
  A tyrant leech (Gauntlet)
  10 blink frogs
  4 dream sheep (Lair:4)
  A meliai zombie (D:11)
  A vampire (D:12)
  Sigmund (D:4)
  A shadow (D:9)
  A redback (Spider:1)
  47 yaks
  5 wyverns
  4 wraiths
  6 basilisks
  2 golden eyes (shapeshifter)
  2 steam dragons
  9 vampire mosquitoes
  2 neqoxecs (D:10)
  4 swamp worms (Gauntlet)
  6 acid dragons
  4 wargs
  Edmund (D:5)
  19 water moccasins
  Duvessa (D:5)
  5 hell hounds (Lair:6)
  2 black bears
  Purgy (Sewer)
  A sky beast (D:7)
  A hornet zombie (D:6)
  39 orc warriors
  2 ice beasts
  6 centaurs
  8 ogres
  8 wolves
  3 boggarts (D:14)
  6 small abominations (Gauntlet)
  A lemure (D:4)
  A phantom (D:5)
  4 kobold brigands
  14 bullfrogs
  4 scorpions
  A water moccasin zombie (D:7)
  Dowan (D:5)
  A wyvern zombie (D:7)
  A wyvern skeleton (D:6)
  7 killer bees
  A wight (D:6)
  2 electric eels
  3 howler monkeys (D:11)
  A bullfrog zombie (D:7)
  5 centaur zombies
  Crazy Yiuf (D:5)
  4 hounds
  2 quasits (D:10)
  23 orc priests
  A bullfrog skeleton (D:6)
  A centaur skeleton (D:5)
  2 gnoll shamans
  5 iguanas
  35 orc wizards
  23 hell rats
  A hound skeleton (D:2)
  Robin (D:4)
  2 howler monkey zombies
  9 adders
  8 gnolls
  A howler monkey skeleton (D:6)
  A shadow imp (D:5)
  2 white imps
  2 ufetubi
  A worm (D:2)
  4 dart slugs
  92 orcs
  3 ball pythons
  5 endoplasms
  5 giant cockroaches
  18 goblins
  10 hobgoblins
  6 jackals
  4 quokkas
  4 bats
  6 frilled lizards
  25 kobolds
  2 rats
727 creatures vanquished.

Vanquished Creatures (collateral kills)
  Rupert (D:13)
  Jorgrun (D:13)
  Snorg (D:13)
  2 hydras
  A cyclops (D:13)
  A black mamba (Lair:6)
  An unseen horror (D:13)
8 creatures vanquished.

Vanquished Creatures (others)
  A jumping spider (Spider:1)
  A tarantella (Spider:1)
  A bush (Lair:3)
  19 demonic plants (Gauntlet)
  41 fungi
  45 plants
  8 withered plants (D:15)
116 creatures vanquished.

Grand Total: 851 creatures vanquished

Notes
Turn   | Place    | Note
-------+----------+-------------------------------------------
     0 | D:1      | DoubleLucky the Troll Berserker began the quest for the
                  | Orb.
     0 | D:1      | Reached XP level 1. HP: 22/22 MP: 0/0
   136 | D:1      | Found a faded altar of an unknown god.
   218 | D:1      | Reached XP level 2. HP: 29/29 MP: 1/1
   786 | D:2      | Reached ** piety under Trog
   824 | D:2      | Found an opulent altar of Gozag.
   884 | D:2      | Reached XP level 3. HP: 37/37 MP: 2/2
  1163 | D:2      | Reached skill level 4 in Unarmed Combat
  1457 | D:2      | Reached XP level 4. HP: 38/45 MP: 3/3
  1773 | D:3      | Found Fooch's Magic Scroll Emporium.
  1809 | D:3      | Found a snail-covered altar of Cheibriados.
  2092 | D:3      | Found a blossoming altar of Fedhas.
  2239 | D:4      | Reached XP level 5. HP: 23/54 MP: 4/4
  2346 | D:4      | Noticed Sigmund
  2352 | D:4      | Killed Sigmund
  2353 | D:4      | Reached skill level 5 in Unarmed Combat
  2353 | D:4      | Reached XP level 6. HP: 63/63 MP: 5/5
  2387 | D:4      | Found a staircase to the Ecumenical Temple.
  2469 | D:4      | Reached *** piety under Trog
  2661 | D:4      | Reached skill level 5 in Fighting
  2661 | D:4      | Reached skill level 6 in Unarmed Combat
  2661 | D:4      | Reached XP level 7. HP: 69/72 MP: 6/6
  2755 | D:4      | Noticed Pikel
  2776 | D:4      | Killed Pikel
  2777 | D:4      | Reached skill level 7 in Unarmed Combat
  2777 | D:4      | Reached XP level 8. HP: 8/83 MP: 7/7
  2780 | D:4      | Noticed Robin
  2782 | D:4      | Killed Robin
  2899 | D:4      | Noticed Grinder
  2907 | D:4      | Killed Grinder
  3326 | D:5      | Entered Level 5 of the Dungeon
  3455 | D:5      | Found a glowing drain.
  3501 | Sewer    | Entered a sewer
  3564 | Sewer    | Noticed Purgy
  3571 | Sewer    | Killed Purgy
  3572 | Sewer    | Reached skill level 8 in Unarmed Combat
  3712 | D:5      | Noticed Edmund
  3724 | D:5      | Killed Edmund
  3892 | D:5      | Found a runed translucent door.
  3893 | D:5      | Noticed Crazy Yiuf
  3926 | D:5      | Noticed Duvessa
  3933 | D:5      | Noticed Dowan
  3935 | D:5      | Killed Duvessa
  3940 | D:5      | Killed Dowan
  4234 | D:5      | Killed Crazy Yiuf
  4235 | D:5      | Reached XP level 9. HP: 87/93 MP: 8/8
  4334 | D:6      | Reached skill level 9 in Unarmed Combat
  4360 | D:6      | Identified the +1 leather armour of the Snail {rElec Int+4}
  4451 | D:6      | Found a burning altar of Makhleb.
  4470 | D:6      | Reached **** piety under Trog
  4475 | D:6      | HP: 3/96 [orc (3)]
  4506 | D:6      | HP: 6/144 [white imp/puff of frost (7)]
  4775 | D:6      | Found Dorel's General Store.
  4968 | D:6      | Found a bloodstained altar of Trog.
  4996 | D:6      | Noticed a troll
  5020 | D:6      | Killed a troll
  5094 | D:6      | Reached skill level 10 in Unarmed Combat
  5394 | D:7      | Found an ancient bone altar of Kikubaaqudgha.
  5653 | D:7      | Identified the +3 kite shield of Egalitarianism {rElec
                  | Str+7 Int-4 Dex-2}
  6061 | D:7      | Reached XP level 10. HP: 107/107 MP: 9/9
  6431 | D:8      | Reached ***** piety under Trog
  6472 | D:8      | Found a staircase to the Lair.
  6513 | D:8      | Reached skill level 11 in Unarmed Combat
  6886 | D:8      | Noticed Erica
  6907 | D:8      | Killed Erica
  6931 | D:8      | Found a white marble altar of Elyvilon.
  7104 | D:8      | Found a hide-covered altar of Uskayaw.
  7104 | D:8      | Found an ornate altar of the Wu Jian Council.
  7110 | D:8      | Found a hazy altar of Hepliaklqana.
  7112 | D:8      | Found a sacrificial altar of Ru.
  7114 | D:8      | Found a shadowy altar of Dithmenos.
  7165 | D:9      | Identified a scroll of acquirement
  7168 | D:9      | Acquired a manual of Unarmed Combat
  7190 | D:9      | Reached skill level 10 in Fighting
  7192 | D:9      | Reached skill level 12 in Unarmed Combat
  7369 | Lair:1   | Entered Level 1 of the Lair of Beasts
  7831 | Lair:1   | Reached XP level 11. HP: 100/119 MP: 10/10
  7924 | Lair:1   | Reached skill level 13 in Unarmed Combat
  9026 | Lair:2   | Reached skill level 14 in Unarmed Combat
  9833 | Lair:3   | Reached skill level 15 in Unarmed Combat
 10089 | Lair:3   | Received a gift from Trog
 10089 | Lair:3   | Found the +8 arc blade {discharge, rElec}
 10099 | Lair:3   | Reached XP level 12. HP: 125/132 MP: 11/11
 10415 | Lair:3   | Found a staircase to the Shoals.
 11287 | Lair:4   | Reached skill level 16 in Unarmed Combat
 11426 | Lair:4   | Reached skill level 1 in Throwing
 11486 | Lair:4   | Noticed a six-headed hydra
 11521 | Lair:4   | Noticed a four-headed hydra
 12135 | Lair:3   | Killed a six-headed hydra
 12301 | Lair:4   | Found a hole to the Spider Nest.
 12574 | Lair:4   | Killed a four-headed hydra
 13091 | Lair:4   | Found a hole to the Spider Nest.
 13371 | Lair:5   | Noticed a death yak
 13371 | Lair:5   | Noticed a death yak
 13372 | Lair:5   | Noticed a death yak
 13373 | Lair:5   | Noticed a death yak
 13373 | Lair:5   | Noticed a death yak
 13383 | Lair:5   | Noticed a death yak
 13384 | Lair:5   | Killed a death yak
 13391 | Lair:5   | Killed a death yak
 13395 | Lair:5   | Killed a death yak
 13397 | Lair:5   | Killed a death yak
 13400 | Lair:5   | Killed a death yak
 13403 | Lair:5   | Killed a death yak
 13779 | Lair:5   | Identified the +7 rapier "Huhalot" {flame, rF+ rC+ SInv}
                  | (Trog gifted it to you on level 5 of the Lair of Beasts)
 13779 | Lair:5   | Received a gift from Trog
 14046 | Lair:5   | Found a staircase to the Slime Pits.
 14352 | Lair:6   | Entered Level 6 of the Lair of Beasts
 14427 | Lair:6   | Reached XP level 13. HP: 85/141 MP: 7/12
 14695 | Lair:6   | Reached skill level 5 in Throwing
 15002 | Lair:6   | Reached skill level 1 in Armour
 15110 | Lair:6   | Reached skill level 17 in Unarmed Combat
 16221 | Lair:6   | Found a burning altar of Makhleb.
 16226 | Lair:6   | Found a gateway to Hell.
 16240 | Hell     | Entered the Vestibule of Hell
 16240 | Hell     | Noticed Geryon
 16240 | Hell     | Noticed a reaper
 16247 | Lair:6   | Killed a lorocyproca
 16248 | Lair:6   | Reached skill level 5 in Armour
 16608 | D:9      | Noticed Maurice
 16689 | D:9      | Killed Maurice
 16928 | D:9      | Found a runed translucent gate.
 16928 | D:9      | Found a runed translucent gate.
 16928 | D:9      | Found a runed translucent gate.
 16928 | D:9      | Noticed Skiberibeda's ghost (novice TrHu)
 16930 | D:9      | Found a basalt altar of Yredelemnul.
 16955 | D:9      | Killed Skiberibeda's ghost
 17024 | D:9      | Found a sparkling altar of Nemelex Xobeh.
 17175 | D:10     | Entered Level 10 of the Dungeon
 17481 | D:10     | Reached XP level 14. HP: 156/156 MP: 13/13
 17530 | D:10     | Noticed Harold
 17541 | D:10     | Killed Harold
 17709 | D:10     | Found a transporter.
 17709 | D:10     | Noticed DoubleLucky's ghost (journeyman MiBe)
 17728 | D:10     | Found a transporter.
 18092 | D:11     | Found a gate leading to a gauntlet.
 18106 | Gauntlet | Entered a Gauntlet
 18106 | Gauntlet | Found a transporter.
 18106 | Gauntlet | Found a transporter.
 18106 | Gauntlet | Found a transporter.
 18107 | Gauntlet | Found a transporter.
 18111 | Gauntlet | Found a transporter.
 18111 | Gauntlet | Found a transporter.
 18117 | Gauntlet | Found a transporter.
 18119 | Gauntlet | Found a transporter.
 18120 | Gauntlet | Found a transporter.
 18122 | Gauntlet | Found a transporter.
 18131 | Gauntlet | Found a transporter.
 18135 | Gauntlet | Found a transporter.
 18367 | Gauntlet | Identified the ring of Tehenod {Ice rPois Int+3}
 18486 | Gauntlet | Identified the +1 helmet of the Accordion {rF+ Str-4 Int+5}
 18573 | Gauntlet | Identified the +9 short sword "Yveur" {vamp, rElec rC-
                  | SInv}
 18573 | Gauntlet | Identified the +1 robe of the Several Souls {rC+ Regen+
                  | Str-4}
 18877 | D:11     | Noticed Josephine
 18879 | D:11     | Killed Josephine
 19229 | D:12     | Found a staircase to the Orcish Mines.
 19313 | D:12     | Received a gift from Trog
 19604 | D:12     | Noticed Urug
 19613 | D:12     | Killed Urug
 20066 | D:12     | Found a shimmering blue altar of Sif Muna.
 20541 | D:13     | Found a gate to the Vaults.
 20590 | D:13     | Noticed Rupert
 20608 | D:13     | Killed Rupert
 20610 | D:13     | Noticed Snorg
 20615 | D:13     | Killed Snorg
 21034 | D:13     | Noticed Jorgrun
 21041 | D:13     | Killed Jorgrun
 21203 | D:14     | Noticed Roxanne
 21303 | D:14     | Noticed Agnes
 21303 | D:14     | Noticed Nessos
 21319 | D:14     | Killed Agnes
 21325 | D:14     | Killed Nessos
 21449 | D:14     | Reached XP level 15. HP: 165/165 MP: 14/14
 21611 | D:14     | Noticed Louise
 21623 | D:14     | Killed Louise
 22227 | D:14     | Killed Roxanne
 22228 | D:14     | Reached skill level 5 in Dodging
 22228 | D:14     | Reached skill level 1 in Shields
 22294 | D:15     | Entered Level 15 of the Dungeon
 22911 | D:15     | Reached skill level 5 in Shields
 22984 | D:15     | Found an ancient bone altar of Kikubaaqudgha.
 23046 | D:15     | Found Zeruf's Magic Scroll Shoppe.
 23059 | D:15     | Bought a scroll of blinking for 105 gold pieces
 23059 | D:15     | Bought a scroll of blinking for 105 gold pieces
 23059 | D:15     | Bought a scroll of identify for 28 gold pieces
 23059 | D:15     | Bought a scroll of fear for 49 gold pieces
 23639 | D:15     | Found a staircase to the Depths.
 23703 | D:15     | Bought a scroll of identify for 28 gold pieces
 23703 | D:15     | Bought a scroll of identify for 28 gold pieces
 23799 | Orc:1    | Entered Level 1 of the Orcish Mines
 24073 | Orc:1    | Found a transporter.
 24117 | Orc:2    | Entered Level 2 of the Orcish Mines
 24117 | Orc:2    | Found a staircase to the Elven Halls.
 24180 | Orc:2    | Found Dowoekius's Book Emporium.
 24257 | Orc:2    | Received a gift from Trog
 24323 | Orc:2    | Noticed an orc warlord
 24422 | Orc:1    | Killed an orc warlord
 24689 | Orc:2    | Found Xaoruon's Antique Armour Shoppe.
 24703 | Orc:2    | Found Fanenn's General Store.
 24723 | Orc:2    | Found Yhieng's Jewellery Shoppe.
 24728 | Orc:2    | Found Molourir's Antique Weapon Shoppe.
 24753 | Orc:2    | Bought a scroll of identify for 24 gold pieces
 25101 | Orc:2    | Found Veixy's Book Boutique.
 25490 | Orc:1    | Found a runed translucent gate.
 25495 | Orc:1    | Found a runed translucent gate.
 25496 | Orc:1    | Found a runed translucent gate.
 25496 | Orc:1    | Noticed barkas's ghost (journeyman CeMo)
 25529 | Orc:1    | Killed barkas's ghost
 25780 | Orc:1    | Reached ****** piety under Trog
 25851 | Orc:1    | Found a transporter.
 26104 | Orc:1    | Found Besazott's Armour Emporium.
 26182 | Orc:1    | Received a gift from Trog
 26210 | Orc:1    | Gained mutation: You have a pair of small horns on your
                  | head. [a neqoxec]
 26970 | D:10     | Gained mutation: Your flesh is cold resistant. (rC+) [a
                  | neqoxec]
 26977 | D:10     | Gained mutation: You are dopey. (Int -2) [a neqoxec]
 26982 | D:10     | Killed DoubleLucky's ghost
 26988 | D:10     | Reached XP level 16. HP: 99/174 MP: 8/15
 27227 | Spider:1 | Entered Level 1 of the Spider Nest
 27255 | Spider:1 | Lost intelligence.
 27259 | Spider:1 | HP: 7/174 [entropy weaver (4)]
 27259 | Spider:1 | HP: 3/174 [entropy weaver (4)]
 27260 | Spider:1 | Mangled by an entropy weaver

Illustrated notes

Levels and vault maps discovered:
D:1:      dpeg_arrival_solitude, layout_basic,
          hellmonk_ecumenical_altar_heavens_door, corexii_leaking_fountain
D:2:      layout_basic, basic_altar
D:3:      wander_river, layout_rooms, mainiacjoe_overflow_alcove_2,
          mainiacjoe_overflow_concentric_impassable, serial_shops, shop,
          st_stairs_9
D:4:      layout_basic, minmay_temple_entry_trees, serial_rivers,
          chequers_serial_rivers_micro_d, chequers_serial_rivers_small_b,
          chequers_serial_rivers_marsh, chequers_serial_rivers_large_a,
          chequers_serial_rivers_room_a, chequers_serial_rivers_room_b,
          minmay_fractal_squares_diagonal_5, uniq_robin, uniq_grinder,
          uniq_pikel, uniq_sigmund
D:5:      layout_loops_ring, gup_sewer_entry_glass, uniq_crazy_yiuf_cottage,
          uniq_edmund, uniq_duvessa
D:6:      minmay_chambers_of_threes, layout_loops_cross, marbit_many_paths,
          mainiacjoe_overflow_small_starburst, serial_shops,
          kennysheep_mini_moat, lemuel_flamethrower_2
D:7:      layout_cave_pods, lemuel_tele_altar, serial_park_tiny_pond,
          hangedman_decor_points
D:8:      layout_cave_pools, mainiacjoe_overflow_boulevard,
          chequers_temple_overflow_minitemple, david_lair_generic, uniq_erica
D:9:      layout_basic, nicolae_yredelemnul_ghost_church,
          nemelex_diamond_rough_becter, uniq_maurice
D:10:     layout_basic, gammafunk_ghost_stat_death, uniq_harold
D:11:     layout_roguey, gauntlet_entry_generic, uniq_josephine
D:12:     layout_roguey, erik_orc_3, lemuel_blue_sif_altar, uniq_urug
D:13:     layout_rooms, david_vaults_1, chequers_serial_rivers_room_a,
          lemuel_old_faithful, uniq_snorg, uniq_jorgrun, uniq_rupert
D:14:     layout_cave_pods, uniq_louise, uniq_agnes, uniq_nessos, uniq_roxanne
D:15:     hangedman_depths_entry_try_elsewhere_first, layout_long_grid,
          kiku_gazebo_garden_becter, serial_shops, nicolae_shop_waterfront,
          minmay_misc_feat_rugged
Lair:1:   layout_chaotic_city
Lair:2:   layout_long_grid, serial_bayou_shore_b, serial_bayou_shore_a,
          grunt_megastairs_3
Lair:3:   layout_loops_ring, minmay_shoals_entry_hut, grunt_megastairs_1
Lair:4:   layout_cellular_growth, dummy_spider_entry
Lair:5:   layout_roguey, dpeg_slime_entry_corner, wad_woods_06
Lair:6:   evil_forest, layout_layer_cave, chequers_serial_rivers_room_a,
          st_stairs_10
Spider:1: cheibrodos_spider_silkery, nicolae_spider_bug_shape, uniq_nikola
Orc:1:    gammafunk_beogh_shrine, layout_diamond_mine,
          ebering_ghost_rock_garden, serial_shops, nicolae_lakefront_shop
Orc:2:    grunt_orc_cross, layout_caves, serial_shops, shop,
          nicolae_shop_temple_entry_statues_fountains, nicolae_orc_pool_cavern
Hell

Skill      XL: |  1  2  3  4  5  6  7  8  9 10 11 12 13 14 15 |
---------------+----------------------------------------------+-----
Fighting       | 3 4 5 6 7 9 10 11 12 14 | 14.7
Unarmed Combat | 4 5 6 7 8 10 12 15 16 17 | 17.9
Throwing       | 4 5 7 |  7.1
Armour         | 5 6 |  6.3
Dodging        | 4 5 |  5.0
Shields        | 9 |  9.4

Action                   |  1- 3 |  4- 6 |  7- 9 | 10-12 | 13-15 | 16-18 || total
-------------------------+-------+-------+-------+-------+-------+-------++-------
Melee: Unarmed           |    71 |    98 |   268 |   491 |   890 |    12 ||  1830
       Punch             |       |     2 |    13 |    34 |    87 |     1 ||   137
       Giant spiked club |       |       |       |     5 |    34 |       ||    39
       Headbutt          |       |       |       |       |     9 |     5 ||    14
Throw: Throwing net      |       |       |     1 |       |       |       ||     1
       Dart              |       |       |       |    46 |    81 |       ||   127
       Javelin           |       |       |       |    10 |   122 |       ||   132
       Large rock        |       |       |       |     5 |    49 |       ||    54
Invok: Berserk           |     1 |     2 |     8 |    13 |    19 |       ||    43
       Trog's Hand       |       |     1 |     5 |     6 |    18 |       ||    30
       Brothers in Arms  |       |       |       |     2 |     5 |       ||     7
  Use: Scroll            |       |       |     5 |    17 |    12 |       ||    34
       Potion            |       |       |     2 |     1 |     3 |     3 ||     9
Armor: Animal skin       |    26 |    27 |    39 |       |       |       ||    92
       Steam dragon scal |       |       |    37 |   134 |   174 |       ||   345
       Troll leather arm |       |       |       |       |   205 |    39 ||   244
Dodge: Dodged            |    40 |    47 |   128 |   199 |   374 |    10 ||   798
